 Dungeon Crawl Stone Soup version 0.29.1-15-g9cfb28693d (webtiles) character file.

Game seed: 3950996147033065395

27 Peloso the Covered (level 2, 27/27 HPs)
             Began as a Minotaur Fighter on Apr 22, 2023.
             Got out of the dungeon alive.
             The game lasted 00:02:26 (733 turns).

Peloso the Covered (Minotaur Fighter)                Turns: 733, Time: 00:02:26

Health: 27/27      AC:  7    Str: 20    XL:     2   Next: 93%
Magic:  1/1        EV:  9    Int:  5    God:
Gold:   34         SH:  4    Dex:  9    Spells: 1/1 levels left

rFire   . . .      SeeInvis .   a - +0 long sword
rCold   . . .      Faith    .   d - +0 buckler
rNeg    . . .      Spirit   .   b - +0 scale mail
rPois   .          Reflect  .   (helmet restricted)
rElec   .          Harm     .   (no cloak)
rCorr   +          Rampage  .   (no gloves)
Will    .....                   c - +2 pair of boots
Stlth   ..........              (no amulet)
HPRegen 0.09/turn               j - ring of resist corrosion
MPRegen 0.07/turn               (no ring)

@: no status effects
A: horns 2, retaliatory headbutt, deformed body
a: no special abilities


You escaped.
You visited 1 branch of the dungeon, and saw 1 of its levels.

You collected 34 gold pieces.

Inventory:

Hand Weapons
 a - a +0 long sword (weapon)
Armour
 b - a +0 scale mail (worn)
 c - a +2 pair of boots (worn)
 d - a +0 buckler (worn)
Jewellery
 j - a ring of resist corrosion (left hand)
Potions
 f - a potion of haste {unknown}
 g - a potion of brilliance {unknown}
 i - a potion of might


   Skills:
 + Level 4.0 Fighting
 + Level 2.7 Long Blades
 + Level 4.3 Armour
 + Level 0.2 Dodging
 + Level 3.8 Shields


You had one spell level left.
You didn't know any spells.
Your spell library contained the following spells:

 Spells                   Type           Power      Damage    Failure   Level
 Magic Dart               Conj           0%         1d3       88%         1
 Searing Ray              Conj           0%         2d4       96%         2
 Cause Fear               Hex            0%         N/A       100%        4
 Fulminant Prism          Conj/Hex       0%         3d6       100%        4
 Dragon Form              Tmut           0%         N/A       100%        7
 Dragon's Call            Summ           0%         N/A       100%        9


Dungeon Overview and Level Annotations

Branches:
Dungeon (1/15)

Altars:


Innate Abilities, Weirdness & Mutations

You have a pair of horns on your head.
You reflexively headbutt those who attack you in melee.
Armour fits poorly on your strangely shaped body.


Message History

You closely miss the ball python. The ball python closely misses you.
You furiously retaliate!
You headbutt the ball python.
You kill the ball python!
You see here a +2 pair of boots.
You drop a potion of might.
You start removing your armour.
You continue taking off your +0 buckler. x4
You finish taking off your +0 buckler.
You drop a +0 buckler.
You see here a +2 pair of boots.
c - a +2 pair of boots You start putting on your armour.
You continue putting on your +2 pair of boots. x4
You finish putting on your +2 pair of boots.
You see here a potion of might.
You see here a +0 buckler.
d - a +0 buckler You see here a potion of might.
i - a potion of might
j - a ring of resist corrosion
j - a ring of resist corrosion (left hand)
You start putting on your armour.
You continue putting on your +0 buckler. x4
You finish putting on your +0 buckler.
As you read the scroll labelled LUAMOR COCUSK, it crumbles to dust.
The air around you briefly surges with heat, but it dissipates.
It was a scroll of immolation.
It was a potion of mutation.
You feel extremely strange.
Your body twists and deforms.
You have 34 gold pieces.
(D) Dungeon
Where to? (? - help)
What level of the Dungeon? (default 1, ? - help)
Things that are here:
a +0 dagger; a +0 club
There is an open door here.
There is a fountain of clear blue water here.
There is an open door here.
There is a staircase leading out of the dungeon here.
Are you sure you want to leave the Dungeon?
This will make you lose the game!
You have escaped!

...........#.########
...........#.#.....#
............##.8.8.#
...........##..[8..#
..........##...8.8.#
#........##........#
##.......#.⌠.⌠.###.#
.........#.....#.'.#
#####....'..8..#@#.#
### #....#.....#.+.#
...##....#.⌠.⌠.###.#
##.......##........#
..........##...8.8.#
......).)..##...8..#
....#.......##.8.8.#
....#........#.....#
....#........#######


There were no monsters in sight!

Vanquished Creatures
  A dart slug (D:1)
  2 endoplasms (D:1)
  3 giant cockroaches (D:1)
  5 goblins (D:1)
  2 hobgoblins (D:1)
  3 quokkas (D:1)
  2 ball pythons (D:1)
  A frilled lizard (D:1)
  A kobold (D:1)
  3 rats (D:1)
23 creatures vanquished.

Notes
Turn   | Place    | Note
-------+----------+-------------------------------------------
     0 | D:1      | Peloso the Minotaur Fighter began the quest for the Orb.
     0 | D:1      | Reached XP level 1. HP: 19/19 MP: 0/0
    38 | D:1      | Reached XP level 2. HP: 19/27 MP: 1/1
   155 | D:1      | Found a faded altar of an unknown god.
   705 | D:1      | Gained mutation: Armour fits poorly on your strangely
                  | shaped body. [potion of mutation]
   733 | D:$      | Got out of the dungeon alive.

Illustrated notes

Levels and vault maps discovered:
D:1:      ncdulo_halloftheorcs, layout_rooms, ebering_ecumenical_altar_rust

Skill      XL: |  1  2 |
---------------+-------+-----
Armour         | 4 |  4.3
Fighting       | 4 |  4.0
Long Blades    | |  2.7
Dodging        | |  0.2
Shields        | |  3.8

Action                   || total
-------------------------++-------
Melee: Long sword        ||    54
       Headbutt          ||     5
  Use: Scroll            ||     1
       Potion            ||     1
Armor: Scale mail        ||    48
Dodge: Dodged            ||    60
Block: Buckler           ||    20
